[Event "Mistrovství Čech mládeže 2023 - HD16"]
[Site "Harrachov, Czech Republic"]
[Date "2023.10.24"]
[Round "5.2"]
[White "Novotný, Dominik"]
[Black "Hozda, Max"]
[Result "0-1"]
[TimeControl "90m + 30s"]
[WhiteElo "1929"]
[BlackElo "2105"]

1. e4 Nf6 2. Nc3 d5 3. exd5 Nxd5 4. Nf3 Bg4 5. h3 Bh5 6. Be2 e6 7. d3 Be7 8. Bd2 c5 9. Ne5 Bxe2 10.
Qxe2 O-O 11. O-O Bf6 12. Rae1 Nxc3 13. Bxc3 Qc7 14. f4 Nc6 15. Qh5 Ne7 16. Bd2 Nf5 17. Qd1 Bh4 18. g3 Nxg3 19.
Rf3 Nf5 20. Re4 b5 21. Be1 Be7 22. b3 f6 23. Ng4 Nd4 24. Rg3 f5 25. Re5 fxg4 26. Qxg4 Bf6 0-1

[Event "Mistrovství Čech mládeže 2023 - HD16"]
[Site "Harrachov, Czech Republic"]
[Date "2023.10.24"]
[Round "5.3"]
[White "Hrbek, Jáchym"]
[Black "Andrle, Filip"]
[Result "0-1"]
[TimeControl "90m + 30s"]
[WhiteElo "1973"]
[BlackElo "1830"]

1. e4 c5 2. b4 cxb4 3. a3 d5 4. exd5 Qxd5 5. Nf3 e6 6. c4 bxc3 7. Nxc3 Qd8 8. Be2 Nf6 9. O-O Be7 10.
d4 Nc6 11. Re1 O-O 12. Bd3 b6 13. Bb2 Bb7 14. Bc2 Ba6 15. Qd2 Rc8 16. Rad1 Na5 17. Ne5 Nc4 18. Nxc4 Bxc4 19. Re3 Re8 20.
Rh3 g6 21. Ne4 Nxe4 22. Bxe4 Bg5 23. f4 Bf6 24. Qf2 Bg7 25. Bb1 Bd5 26. g4 f5 27. g5 Qd7 28. Qh4 Bh8 29. Bd3 Rc7 30.
Bb1 Bb7 31. Ba2 Rc2 32. Bb3 Rxb2 33. Ba4 b5 34. Bb3 Bxd4+ 0-1

[Event "Mistrovství Čech mládeže 2023 - HD16"]
[Site "Harrachov, Czech Republic"]
[Date "2023.10.24"]
[Round "5.4"]
[White "Tegda, Vojtěch"]
[Black "Pressler, Tobias"]
[Result "0-1"]
[TimeControl "90m + 30s"]
[WhiteElo "1731"]
[BlackElo "1965"]

1. e4 c5 2. c4 Nc6 3. Ne2 e6 4. d4 d5 5. exd5 exd5 6. Nbc3 dxc4 7. d5 Nb4 8. Nf4 Bf5 9. Bxc4 Nc2+ 10.
Kd2 Bd6 11. Bb5+ Kf8 12. Qf3 Qg5 13. Kd1 Qf6 14. g4 Nd4 15. Qg3 Bc2+ 16. Ke1 a6 17. Be2 Re8 18. Be3 Nxe2 19. Ncxe2 Bd3 20.
Bxc5 Bb5 21. Bxd6+ Qxd6 22. Ne6+ Ke7 23. Nxg7 Qb4+ 24. Qc3 Qe4 25. Qe3 Kf8 26. Ng3 Qb4+ 0-1

[Event "Mistrovství Čech mládeže 2023 - HD16"]
[Site "Harrachov, Czech Republic"]
[Date "2023.10.24"]
[Round "5.5"]
[White "Tesař, Jakub"]
[Black "Stein, Michael"]
[Result "0-1"]
[TimeControl "90m + 30s"]
[WhiteElo "1893"]
[BlackElo "1717"]

1. e4 e6 2. d4 d5 3. Nd2 c5 4. exd5 exd5 5. Ngf3 Nf6 6. Be2 Nc6 7. O-O cxd4 8. Nb3 Be7 9. Nfxd4 O-O 10.
c3 h6 11. Bf4 Bd6 12. Bxd6 Qxd6 13. Nxc6 bxc6 14. Qd4 Ne4 15. Rfd1 Re8 16. Bf1 a5 17. f3 Ng5 18. Nc5 Qg6 19.
Kh1 Ne6 20. Nxe6 Bxe6 21. Rd2 Bf5 22. Qc5 Re5 23. Re2 Rxe2 24. Bxe2 Re8 25. Bf1 Bb1 26. Qf2 Rb8 27. b3 Re8 28.
Kg1 h5 29. Qb2 Bd3 30. Qd2 Bxf1 31. Kxf1 Qd6 32. Re1 Kf8 33. Rxe8+ Kxe8 34. Qe3+ Kd7 35. Qa7+ Qc7 36. Qxc7+ Kxc7 37.
Ke2 Kd6 38. b4 a4 39. Kd3 c5 40. bxc5+ Kxc5 41. a3 h4 42. g4 hxg3 43. hxg3 f6 44. Kd2 Kc4 45. Kc2 g6 46. Kd2 Kb3 0-1

[Event "Mistrovství Čech mládeže 2023 - HD16"]
[Site "Harrachov, Czech Republic"]
[Date "2023.10.24"]
[Round "5.6"]
[White "Krupka, Aleš"]
[Black "Veverka, Vladimír"]
[Result "0-1"]
[TimeControl "90m + 30s"]
[WhiteElo "1444"]
[BlackElo "1849"]

1. e4 e6 2. d4 d5 3. exd5 exd5 4.
Nf3 Nf6 5. Bd3 Bd6 6. O-O O-O 7. h3 h6 8. Re1 c6 9. c3 Qc7 10. Qc2 Nbd7 11. Nbd2 b6 12. Nf1 Bb7 13. Be3 c5 14.
Qe2 Rae8 15. Ba6 Ne4 16. Bxb7 Qxb7 17. Qc2 f5 18. dxc5 bxc5 19. N1d2 f4 20. Nxe4 dxe4 0-1

[Event "Mistrovství Čech mládeže 2023 - HD16"]
[Site "Harrachov, Czech Republic"]
[Date "2023.10.24"]
[Round "5.7"]
[White "Vyšinský, Otakar"]
[Black "Dvořák, Jan"]
[Result "1/2-1/2"]
[TimeControl "90m + 30s"]
[WhiteElo "1599"]
[BlackElo "1789"]

1. e4 e5 2. Nf3 Nc6 3. d4 exd4 4. Bc4 Bc5 5. c3 dxc3 6. Bxf7+ Kxf7 7. Qd5+ Ke8 8. Qxc5 Qe7 9. Qxe7+ Ngxe7 10. Nxc3 h6 11. O-O d6 12. Be3 g5 13. Rac1 Rf8 14. Nd4 Rf7 15. Ncb5 Kd8 16. Rfd1 a6 17. Nc3 Nxd4 18. Bxd4 Be6 19.
e5 d5 20. Bc5 c6 21. Ne4 Ng6 22. Bb6+ Ke7 23. Nd6 Rh7 24. Bc5 Kd8 25. Nc4 Ke8 26. Nb6 Rd8 27. Bd6 Nh4 28. Na4 Nf5 29.
Bc5 h5 30. Bb6 Rb8 31. Nc5 Re7 32. Re1 Kf7 33. Rcd1 1/2-1/2

[Event "Mistrovství Čech mládeže 2023 - HD16"]
[Site "Harrachov, Czech Republic"]
[Date "2023.10.24"]
[Round "5.8"]
[White "Síleš, Jan"]
[Black "Dobsa, Emma"]
[Result "1-0"]
[TimeControl "90m + 30s"]
[WhiteElo "1839"]
[BlackElo "1616"]

1. d4 d5 2. c4 c6 3. Nc3 Nf6 4. e3 e6 5. Nf3 Nbd7 6. Bd3 dxc4 7. Bxc4 b5 8. Bd3 Bb7 9. O-O a6 10.
e4 c5 11. d5 exd5 12. exd5 Nxd5 13. Nxd5 Bxd5 14. Bxb5 axb5 15. Qxd5 Ra6 16. Ng5 Qf6 17. Rd1 Nb6 18. Qb7 Ra8 19.
Nxf7 Qxf7 20. Qc6+ Ke7 21. Bg5+ 1-0

[Event "Mistrovství Čech mládeže 2023 - HD16"]
[Site "Harrachov, Czech Republic"]
[Date "2023.10.24"]
[Round "5.9"]
[White "Sadil, Antonín"]
[Black "Večeř, Martin"]
[Result "0-1"]
[TimeControl "90m + 30s"]
[WhiteElo "1792"]
[BlackElo "1569"]

1. e4 c6 2. d4 d5 3. exd5 cxd5 4. Bd3 Nc6 5. c3 Nf6 6. h3 g6 7. Bf4 Bg7 8. Nf3 O-O 9. Nbd2 Bf5 10.
Bxf5 gxf5 11. g4 e6 12. Ne5 Nxe5 13. Bxe5 Ne4 14. Bxg7 Kxg7 15. gxf5 exf5 16. Nxe4 Re8 17. Rg1+ Kh8 18.
Qh5 Rxe4+ 19. Kd2 Qb6 20. Kc2 Rae8 21. Qg5 Re2+ 22. Kd1 Qg6 23. Qg3 f4 24. Qxg6 fxg6 25. Rc1 Rxf2 26. Rc2 Rxc2 27.
Kxc2 Re2+ 28. Kb3 f3 29. Kb4 f2 30. Rf1 Kg7 31. Kc5 Kf7 32. Kxd5 Ke7 33. b4 Rxa2 34. Ke4 b6 35. c4 a5 36.
bxa5 bxa5 37. Kd5 Kd7 38. c5 Rb2 39. Ra1 a4 40. Kc4 a3 41. d5 a2 42. c6+ Kd6 43. Kd4 Rb1 44. c7 Kxc7 45.
Rxa2 f1=Q 46. Ra7+ Kb6 47. Rxh7 Qf2+ 48. Ke5 Re1+ 49. Kd6 Qc5 0-1

[Event "Mistrovství Čech mládeže 2023 - HD16"]
[Site "Harrachov, Czech Republic"]
[Date "2023.10.24"]
[Round "5.10"]
[White "Maršík, Ondřej"]
[Black "Kaplanová, Dominika"]
[Result "0-1"]
[TimeControl "90m + 30s"]
[WhiteElo "1459"]
[BlackElo "1782"]

1. e4 c6 2. d4 d5 3. exd5 cxd5 4. c4 Nf6 5. Nc3 g6 6. Nf3 Bg7 7. h3 O-O 8. Bg5 Ne4 9. Be3 Nxc3 10.
bxc3 Nc6 11. Be2 dxc4 12. Bxc4 Qc7 13. Bd3 Be6 14. Qc1 Rac8 15. O-O Na5 16. Bd2 Bc4 17. Bxc4 Nxc4 18. Bh6 Nb6 19.
Bxg7 Kxg7 20. Qa3 Nd5 21. Rac1 b5 22. Rfe1 e6 23. Ne5 Nxc3 24. Nd3 a5 25. Nc5 b4 26. Qb2 Qd6 27. Nb7 Qd5 28.
Re3 Na4 29. Qa1 Rxc1+ 30. Qxc1 Qxb7 31. Rf3 Nc3 32. a3 Ne2+ 0-1

[Event "Mistrovství Čech mládeže 2023 - HD16"]
[Site "Harrachov, Czech Republic"]
[Date "2023.10.24"]
[Round "5.11"]
[White "Svoboda, Daniel"]
[Black "Barták, Josef"]
[Result "0-1"]
[TimeControl "90m + 30s"]
[WhiteElo "1766"]
[BlackElo "1476"]

1. e4 e5 2. Nf3 Nc6 3. Nc3 Nf6 4. d4 exd4 5. Nxd4 Bb4 6. Nxc6 bxc6 7. Bd3 d5 8. exd5 cxd5 9. O-O O-O 10.
h3 c6 11. Qf3 Re8 12. Bf4 Bb7 13. a3 Bd6 14. Rfe1 Qc7 15. Bg5 Nd7 16. Qh5 g6 17. Qh4 Qb6 18. Ne2 Ba6 19. Bxa6 Qxa6 20. Nc3 Qb6 21. b4 Be5 22.
Bd2 Re6 23. Rad1 Rae8 24. Be3 Bf6 25. Qg4 h5 26. Qe2 Bxc3 27. Qd3 d4 28. Qxc3 dxc3 0-1

[Event "Mistrovství Čech mládeže 2023 - HD16"]
[Site "Harrachov, Czech Republic"]
[Date "2023.10.24"]
[Round "5.12"]
[White "Kohm, Patrik"]
[Black "Garabik, Marek"]
[Result "0-1"]
[TimeControl "90m + 30s"]
[WhiteElo "1475"]
[BlackElo "1697"]

1. e4 e6 2. d3 d5 3. Qe2 dxe4 4. dxe4 e5 5. Nf3 Nc6 6. Be3 Nf6 7. Nbd2 Bd6 8. Nc4 Nxe4 9. Nfxe5 Nxe5 10.
Bf4 Nxc4 11. Qxe4+ Qe7 12. Qxe7+ Kxe7 0-1

[Event "Mistrovství Čech mládeže 2023 - HD16"]
[Site "Harrachov, Czech Republic"]
[Date "2023.10.24"]
[Round "5.13"]
[White "Martinkovič, Adam"]
[Black "Lána, Vincent"]
[Result "1-0"]
[TimeControl "90m + 30s"]
[WhiteElo "1680"]
[BlackElo "1342"]

1. e4 e6 2. Nf3 d5 3. e5 c5 4. b4 cxb4 5. a3 Nc6 6. axb4 Bxb4 7. c3 Be7 8. d4 Qb6 9. Bd3 Bd7 10.
O-O f6 11. Bf4 fxe5 12. Nxe5 Nf6 13. Nxd7 Kxd7 14. Re1 Bd6 15. Be5 Qc7 16. f4 Qb6 17. Kh1 Rhf8 18. Na3 Bxe5 19. dxe5 Ne8 20.
Qd2 g6 21. Reb1 Qc7 22. c4 Ne7 23. cxd5 Nxd5 24. Be4 Ke7 25. Bxd5 exd5 26. Qxd5 Rd8 27. Qe4 Rd7 28. Nb5 Qc6 29.
Qb4+ Kf7 30. Nxa7 Qc2 31. e6+ Kxe6 32. Qxf8 Nf6 33. Rb6+ Kd5 34. Qxf6 Kc4 35. Qe6+ 1-0

[Event "Mistrovství Čech mládeže 2023 - HD16"]
[Site "Harrachov, Czech Republic"]
[Date "2023.10.24"]
[Round "5.14"]
[White "Ocelák, David"]
[Black "Mikhno, Artem"]
[Result "1/2-1/2"]
[TimeControl "90m + 30s"]
[WhiteElo "1580"]
[BlackElo "1781"]

1. e4 c6 2. Nc3 d5 3. Qf3 d4 4. Bc4 e6 5. Nce2 c5 6. d3 Nc6 7. Qg3 h6 8. f4 Qc7 9. Nf3 Bd7 10.
Bd2 Nge7 11. c3 g6 12. cxd4 cxd4 13. Nexd4 Nxd4 14. Nxd4 Bg7 15. Bc3 e5 16. Nb5 Qb6 17. Qf2 Bxb5 18.
Qxb6 axb6 19. Bxb5+ Nc6 20. Bxc6+ bxc6 21. Bxe5 Bxe5 22. fxe5 c5 23. Rf1 Ke7 24. a3 Rhd8 25. Rd1 Rd4 26.
Ke2 c4 27. Rf6 cxd3+ 28. Ke3 Raa4 29. Rxd3 Rxe4+ 30. Kd2 b5 31. Rb6 Rxe5 32. Re3 Rd4+ 33. Ke2 Rdd5 34. Rxe5+ 1/2-1/2

[Event "Mistrovství Čech mládeže 2023 - HD16"]
[Site "Harrachov, Czech Republic"]
[Date "2023.10.24"]
[Round "5.15"]
[White "Bohatyrov, Mykola"]
[Black "Markina, Sofiia"]
[Result "1-0"]
[TimeControl "90m + 30s"]
[WhiteElo "1725"]
[BlackElo "1564"]

1. d4 d5 2. c4 e6 3. Nc3 Nf6 4.
cxd5 exd5 5. Bg5 Be7 6. Nf3 O-O 7.
e3 c6 8.
Qc2 Nbd7 9. Bd3 Re8 10. O-O h6 11. Bh4 Bd6 12. Rfe1 Qc7 13. e4 dxe4 14. Nxe4 Nxe4 15. Bxe4 Kh8 16.
Bd3 Rf8 17. Be7 Bxe7 18. Rxe7 Qd6 19. Rae1 Nf6 20. Bc4 Nd5 21.
Bxd5 Qxd5 22. Ne5 Kg8 23. Qe4 Qd6 24. Nd3 b6 25. Qe5 Qxe5 26. Nxe5 Be6 27. b3 Rfc8 28. Rd1 a5 29. Rb7 b5 30.
Rc1 Ra6 31. Nd3 Bd5 32. Rxb5 Be4 33. Ne5 Rd8 34. Rbc5 Rxd4 35. f3 Bd5 36. Nc4 Bxc4 37. R5xc4 Rd2 38. R1c2 Rxc2 39. Rxc2 a4 40.
b4 a3 41. Rc3 Ra4 42. Rb3 Kf8 43. Kf2 Ke7 44. Ke3 Kd7 45. Kd4 Kd6 46. Kc4 f6 47. Rd3+ Kc7 48. Kc5 Ra6 49. g3 Ra4 50.
Rd6 Rxb4 51. Rxc6+ Kb7 52. Kxb4 Kxc6 53. Kxa3 Kb5 54. Kb3 Ka5 55. Kc4 1-0

[Event "Mistrovství Čech mládeže 2023 - HD16"]
[Site "Harrachov, Czech Republic"]
[Date "2023.10.24"]
[Round "5.16"]
[White "Sochor, Antonín"]
[Black "Meca, Viktor"]
[Result "0-1"]
[TimeControl "90m + 30s"]
[WhiteElo "1702"]
[BlackElo "1559"]

1. d4 d5 2. Bf4 Nf6 3. e3 Bf5 4.
Bd3 Bxd3 5. Qxd3 c6 6. Nf3 e6 7. Nbd2 Be7 8. O-O O-O 9. Bg3 Nbd7 10. c3 Qb6 11. c4 Qa6 12. Qb3 Rac8 13.
Ne5 Nxe5 14. Bxe5 Nd7 15. Bg3 c5 16. cxd5 c4 17. Qc2 exd5 18. e4 Rfd8 19. Rfe1 b5 20. e5 b4 21. f4 c3 22.
Nf3 Qb6 23. f5 Nf8 24. b3 a5 25. Rad1 a4 26. f6 gxf6 27. Nh4 fxe5 28. Nf5 Bf6 29. Bxe5 Bxe5 30. Rxe5 Ng6 31. Re3 axb3 32.
axb3 Re8 33. Rg3 Re4 34. Rf1 Rc7 35. h4 Kf8 36. h5 Ne7 37. Ng7 Qxd4+ 38. Rf2 Rf4 39. Rgf3 Rxf3 40. gxf3 Qxg7+ 41. Rg2 Qd4+ 42. Kf1 Ra7 43. Rg4 Ra1+ 44. Ke2 Qe5+ 0-1

[Event "Mistrovství Čech mládeže 2023 - HD16"]
[Site "Harrachov, Czech Republic"]
[Date "2023.10.24"]
[Round "5.18"]
[White "Hrubý, Filip"]
[Black "Janoušková, Adéla"]
[Result "1/2-1/2"]
[TimeControl "90m + 30s"]
[WhiteElo "1386"]
[BlackElo "1638"]

1. e4 c5 2. Nf3 d6 3. d4 cxd4 4. Nxd4 g6 5. Nc3 Bg7 6. Be3 Nf6 7. Qd2 O-O 8. O-O-O Ng4 9. f3 Nxe3 10.
Qxe3 Nc6 11. Nb3 Be6 12. Nd5 Rc8 13. Kb1 a6 14. h4 b5 15. a3 Ne5 16. Nd4 Bxd5 17. exd5 Qb6 18. Nf5 Qc7 19.
Nd4 Nc4 20. Bxc4 bxc4 21. c3 Qb7 22. Ne2 Rc5 23. Rd2 Rb8 24. Rc1 Rxd5 25. Rcc2 Ra5 26. Kc1 Rxa3 27. Kd1 Ra1+ 28. Rc1 Ra5 29.
Nd4 Re5 30. Qf2 Bh6 31. f4 Re4 32. g3 Bg7 33. Nf3 Qb6 34. Qxb6 Rxb6 35. Rcc2 Re3 36. Rf2 Rd3+ 37. Kc1 Rb5 38. Rcd2 Rbd5 39. Ne1 Rxd2 40.
Rxd2 Rxd2 41. Kxd2 Kf8 42. Nc2 a5 43. Ne3 Ke8 44. Nxc4 a4 45. Nb6 a3 46. bxa3 Kd8 47. Kd3 e6 48.
Nc4 Kc7 49. Nd2 Kb6 50. Nc4+ Kc5 51. a4 d5 52. Na5 Kb6 53. Nb3 e5 54. fxe5 Bxe5 55. g4 f5 56. gxf5 gxf5 57. c4 dxc4+ 58. Kxc4 f4 59. Kd5 Bf6 60.
Ke4 1/2-1/2

[Event "Mistrovství Čech mládeže 2023 - HD16"]
[Site "Harrachov, Czech Republic"]
[Date "2023.10.24"]
[Round "5.19"]
[White "Jun, Robert"]
[Black "Dudková, Josefína"]
[Result "0-1"]
[TimeControl "90m + 30s"]
[WhiteElo "1554"]
[BlackElo "1587"]

1. e4 c5 2. c3 Nc6 3. d4 cxd4 4.
cxd4 d5 5. e5 Bf5 6. Bb5 e6 7. Ne2 Qa5+ 8. Nbc3 Bb4 9. O-O Nge7 10. a3 Bxc3 11. Nxc3 a6 12. Be2 b5 13. Be3 O-O 14.
b4 Qb6 15. h4 h6 16. Rc1 Bh7 17. g4 f5 18. f4 fxg4 19. Bxg4 Bf5 20. Bxf5 Nxf5 21. Bf2 Ncxd4 22. Kh1 Rac8 23.
Rg1 Rc4 24. Rg6 Rfc8 25. Qd3 Qc6 26. Be1 Nb3 27. Rc2 d4+ 28. Rcg2 dxc3 29. Kh2 c2 30. h5 Qxg2+ 31. Rxg2 c1=Q 32.
Qxb3 Qxf4+ 33. Kg1 Ne3 0-1

[Event "Mistrovství Čech mládeže 2023 - HD16"]
[Site "Harrachov, Czech Republic"]
[Date "2023.10.24"]
[Round "5.20"]
[White "Langmaier, Michal"]
[Black "Bauer, Sebastian"]
[Result "1-0"]
[TimeControl "90m + 30s"]
[WhiteElo "1697"]
[BlackElo "1366"]

1. d4 d5 2. Nf3 Nf6 3. Bf4 Bf5 4. e3 e6 5. Ne5 Nbd7 6. Bd3 Bxd3 7. cxd3 c5 8. dxc5 Bxc5 9. O-O O-O 10.
d4 Bb6 11. Nc3 a6 12. Rc1 Rc8 13. Qb3 Nxe5 14. Bxe5 Nd7 15. Bg3 Rc6 16. Ne2 Qc8 17. Rxc6 Qxc6 18. Rc1 Qb5 19. Qxb5 axb5 20.
a3 b4 21. Bd6 Re8 22. Bxb4 e5 23. dxe5 Nxe5 24. Bc3 Nc4 25. Rd1 Rd8 26. Nd4 Bxd4 27. Rxd4 f6 28. e4 Nb6 29. g3 Rd7 30.
Rb4 Nc8 31. exd5 Rxd5 32. Rxb7 Nd6 33. Rd7 Rd1+ 34. Kg2 Rd3 35. Bb4 Rb3 36. Rxd6 Rxb2 37. Rd7 Rb3 38. Ra7 h6 39. Bc5 Rc3 40. Be3 1-0

[Event "Mistrovství Čech mládeže 2023 - HD16"]
[Site "Harrachov, Czech Republic"]
[Date "2023.10.25"]
[Round "6.2"]
[White "Andrle, Filip"]
[Black "Pressler, Tobias"]
[Result "1-0"]
[TimeControl "90m + 30s"]
[WhiteElo "1830"]
[BlackElo "1965"]

1. e4 Nf6 2. e5 Nd5 3. c4 Nb6 4. c5 Nd5 5. Bc4 e6 6. Nc3 Nxc3 7. bxc3 Bxc5 8. d4 Be7 9. Qg4 g6 10.
h4 h5 11. Qg3 d5 12. Bd3 c5 13. Nf3 Nc6 14. O-O c4 15. Bc2 Qc7 16. Ng5 Rg8 17. Qf3 Bxg5 18. Bxg5 b5 19. Rab1 Rb8 20.
Rb2 a5 21. Rfb1 Ba6 22. a3 Rb7 23. Qf6 Qe7 24. Qxe7+ Nxe7 25. Ba4 Kd7 26. Bxb5+ Bxb5 27. Bxe7 Kxe7 28. Rxb5 Rxb5 29. Rxb5 Rd8 30.
Kf1 Rd7 31. Ke2 Ra7 32. Ke3 f6 33. Kf4 Kf7 34. a4 Kg7 35. Rb6 Kf7 36. f3 Ke7 37. g4 Kf7 38. exf6 hxg4 39. fxg4 1-0

[Event "Mistrovství Čech mládeže 2023 - HD16"]
[Site "Harrachov, Czech Republic"]
[Date "2023.10.25"]
[Round "6.3"]
[White "Stein, Michael"]
[Black "Kučina, Ondřej"]
[Result "1/2-1/2"]
[TimeControl "90m + 30s"]
[WhiteElo "1717"]
[BlackElo "1592"]

1. e4 e6 2. d4 d5 3. Nc3 Bb4 4. Nge2 dxe4 5. a3 Be7 6. Nxe4 Nf6 7. Nxf6+ Bxf6 8. Be3 b6 9. Qd2 Bb7 10.
O-O-O O-O 11. Rg1 Nd7 12. g4 Be7 13. g5 c5 14. h4 cxd4 15. Qxd4 Nc5 16. Qe5 Qb8 17. Qxb8 Rfxb8 18. b4 Ne4 19.
Rd7 Kf8 20. Bg2 Nd6 21. Bxb7 Rxb7 22. Rxb7 Nxb7 23. Rd1 Ke8 24. Bf4 a5 25. c3 axb4 26. axb4 Ra1+ 27. Kd2 Rxd1+ 28. Kxd1 Nd6 29.
Bxd6 Bxd6 30. Kd2 Kd7 31. Kd3 e5 32. Kc4 Kc6 33. Ng3 b5+ 34. Kd3 Kd5 35. f3 Be7 36. Nf5 Bf8 37. Ne3+ Ke6 38.
Ke4 h6 39. gxh6 gxh6 40. Nc2 h5 41. f4 Be7 42. fxe5 Bxh4 43. Nd4+ Kd7 44. Nxb5 Be1 45. Kf5 h4 46. Kg4 Ke6 47.
Nd4+ Kd5 1/2-1/2

[Event "Mistrovství Čech mládeže 2023 - HD16"]
[Site "Harrachov, Czech Republic"]
[Date "2023.10.25"]
[Round "6.4"]
[White "Veverka, Vladimír"]
[Black "Novotný, Dominik"]
[Result "1/2-1/2"]
[TimeControl "90m + 30s"]
[WhiteElo "1849"]
[BlackElo "1929"]

1. e4 c6 2. Nf3 d5 3. d3 Bg4 4. h3 Bxf3 5. Qxf3 e6 6. c3 Nf6 7. Nd2 Be7 8. d4 O-O 9. Bd3 dxe4 10.
Nxe4 Nbd7 11. Bf4 Nxe4 12. Bxe4 Nf6 13. O-O Nxe4 14. Qxe4 Bd6 15. Bxd6 Qxd6 1/2-1/2

[Event "Mistrovství Čech mládeže 2023 - HD16"]
[Site "Harrachov, Czech Republic"]
[Date "2023.10.25"]
[Round "6.5"]
[White "Večeř, Martin"]
[Black "Síleš, Jan"]
[Result "1-0"]
[TimeControl "90m + 30s"]
[WhiteElo "1569"]
[BlackElo "1839"]

1. b3 d6 2. Bb2 Nd7 3. e3 e5 4. c4 f5 5. Bd3 g6 6. Ne2 Ngf6 7. Bc2 Bg7 8. d4 Qe7 9. Nbc3 Nf8 10.
Ba3 f4 11. dxe5 Qxe5 12. exf4 Qa5 13. Bb2 Bd7 14. O-O Ne6 15. Re1 O-O 16. Nd5 Nxd5 17. Bxg7 Ndxf4 18. Bxf8 Rxf8 19. Nxf4 Nxf4 20.
Be4 Qg5 21. Bd5+ Kg7 22. Kh1 Bf5 23. Re3 Bg4 24. Qd4+ Kh6 25. Rg3 Qf5 26. Rxg4 Qxg4 27. g3 Nh3 28. Qe3+ Qg5 29. f4 Qf6 30. Rb1 g5 31. fxg5+ Qxg5 32.
Qe6+ Kg7 33. Qxh3 c6 34. Qd7+ Kh8 35. Be4 Qh6 36. Qxb7 d5 37. cxd5 cxd5 38. Qxd5 Rg8 39. Rf1 Rxg3 40.
Qe5+ 1-0

[Event "Mistrovství Čech mládeže 2023 - HD16"]
[Site "Harrachov, Czech Republic"]
[Date "2023.10.25"]
[Round "6.6"]
[White "Dvořák, Jan"]
[Black "Barták, Josef"]
[Result "1-0"]
[TimeControl "90m + 30s"]
[WhiteElo "1789"]
[BlackElo "1476"]

1. e4 e5 2. Nf3 Nc6 3. Bb5 a6 4. Ba4 d6 5. c3 f5 6. d3 Nf6 7. Nbd2 Be7 8. O-O O-O 9. Re1 fxe4 10.
dxe4 Bg4 11. Qb3+ Kh8 12. Qxb7 Na5 13. Qb4 c6 14. Qa3 Bxf3 15.
Nxf3 d5 16. b4 Nc4 17. Qb3 Nxe4 18. Bxc6 Rc8 19. Rxe4 dxe4 20. Bxe4 Qd6 21. Qc2 Rcd8 22. Be3 g6 23. Bc5 Qc7 24.
Bxe7 Qxe7 25. Qe2 Qe6 26. Bd3 Rc8 27. Ng5 Qf6 28. Ne4 Qf7 29. Nc5 Nb6 30. Bxa6 Rce8 31. a4 Nd5 32. Ne4 Qc7 33.
Qb2 Rf4 34. Nc5 Qb6 35. a5 Qf6 36. Rd1 Nc7 37. Bb7 Rd8 38. Rxd8+ Qxd8 39. Qe2 Nb5 40. Qxb5 1-0

[Event "Mistrovství Čech mládeže 2023 - HD16"]
[Site "Harrachov, Czech Republic"]
[Date "2023.10.25"]
[Round "6.7"]
[White "Kaplanová, Dominika"]
[Black "Martinkovič, Adam"]
[Result "1/2-1/2"]
[TimeControl "90m + 30s"]
[WhiteElo "1782"]
[BlackElo "1680"]

1. e4 c6 2. Nc3 d5 3. Qf3 dxe4 4. Nxe4 Nf6 5. Bc4 e6 6. Ne2 Nbd7 7. Nxf6+ Nxf6 8. d4 Bd6 9. c3 Bd7 10.
Bg5 b5 11. Bd3 h6 12. Bxf6 Qxf6 13. Qxf6 gxf6 14. Ng3 f5 15. O-O h5 16. Rae1 O-O-O 17. Be2 h4 18. Nh5 Rdg8 19. Nf6 Rg6 20.
Nxd7 Kxd7 1/2-1/2

[Event "Mistrovství Čech mládeže 2023 - HD16"]
[Site "Harrachov, Czech Republic"]
[Date "2023.10.25"]
[Round "6.8"]
[White "Garabik, Marek"]
[Black "Vyšinský, Otakar"]
[Result "0-1"]
[TimeControl "90m + 30s"]
[WhiteElo "1697"]
[BlackElo "1599"]

1. e4 e5 2. Bc4 Nc6 3. Nf3 Nf6 4. d3 Be7 5. O-O O-O 6. Re1 d6 7. c3 Na5 8. Nbd2 c5 9. b4 Nxc4 10.
Nxc4 cxb4 11. cxb4 d5 12. exd5 Bxb4 13. Bd2 Nxd5 14. Rxe5 Be7 15. Re1 Bf5 16. Qb3 Rb8 17. d4 Be6 18.
Qb2 b5 19. Nce5 Qb6 20. Rac1 Rfc8 21. Nd3 a5 22. Nf4 Nxf4 23. Bxf4 Rxc1 24. Rxc1 Rc8 25. Rb1 b4 26. Re1 Bd6 27.
Bxd6 Qxd6 28. Ng5 Bd5 29. Ne4 Qe6 30. Qe2 Qxe4 0-1

[Event "Mistrovství Čech mládeže 2023 - HD16"]
[Site "Harrachov, Czech Republic"]
[Date "2023.10.25"]
[Round "6.9"]
[White "Bohatyrov, Mykola"]
[Black "Hrbek, Jáchym"]
[Result "0-1"]
[TimeControl "90m + 30s"]
[WhiteElo "1725"]
[BlackElo "1973"]

1. Nf3 d5 2. b3 Nf6 3. Bb2 g6 4. e3 Bg7 5. d4 O-O 6. c4 c5 7. Be2 cxd4 8. exd4 Nc6 9. O-O Bg4 10.
Ne5 Bxe2 11. Qxe2 dxc4 12. Nxc6 bxc6 13. Qxc4 Qd5 14. Qxd5 Nxd5 15. Nd2 Nf4 16. Nf3 Rfd8 17. Rad1 Ne6 18. Ne5 Rac8 19. Rfe1 Rd5 20. Rc1 c5 21.
dxc5 Rcxc5 22. Rxc5 Nxc5 23. f4 Bxe5 24. Bxe5 Nd3 25. Re4 f6 26. Bb8 Ra5 27. Ra4 Rxa4 28. bxa4 a6 29. Bc7 Nb4 30. Ba5 Nc6 31. Bc3 Kf7 32.
Kf2 Ke6 33. Ke3 Kd5 34. Kd3 e5 35. fxe5 fxe5 36. h3 Nd4 37. Bd2 e4+ 38. Kc3 Nc6 39. Be3 Ne5 40. Bg5 Nc4 41. Bd8 Ne3 42.
g3 Nd1+ 43. Kc2 Nf2 44. h4 e3 45.
Ba5 Ke4 46. Bc3 Kf3 47. Kb3 Ne4 48. Bb4 e2 49. Kc4 Ke3 0-1

[Event "Mistrovství Čech mládeže 2023 - HD16"]
[Site "Harrachov, Czech Republic"]
[Date "2023.10.25"]
[Round "6.10"]
[White "Dudková, Josefína"]
[Black "Tesař, Jakub"]
[Result "1-0"]
[TimeControl "90m + 30s"]
[WhiteElo "1587"]
[BlackElo "1893"]

1. c4 e5 2. Nc3 Nf6 3. g3 d5 4. cxd5 Nxd5 5. Bg2 Nb6 6. Nf3 Nc6 7. O-O Be6 8. a3 a5 9. d3 f6 10.
Be3 Nd5 11. Nxd5 Bxd5 12. Qc2 a4 13. Rac1 Qd7 14. Nd2 Bxg2 15. Kxg2 g5 16. Ne4 Be7 17. Bc5 h5 18. Bxe7 Qxe7 19.
Nc5 Nd4 20. Qc4 b5 21. Qb4 Nxe2 22. Qe4 Nxc1 23. Qxa8+ Kf7 24. Qd5+ Kg6 25. Rxc1 Rd8 26. Qe4+ Kh6 27. Qc6 Rd6 28. Qxb5 Rb6 29. Qxa4 Rxb2 30.
Ne4 Ra2 31. Qc6 Rxa3 32. Nxf6 Rxd3 33. Ng8+ 1-0

[Event "Mistrovství Čech mládeže 2023 - HD16"]
[Site "Harrachov, Czech Republic"]
[Date "2023.10.25"]
[Round "6.11"]
[White "Meca, Viktor"]
[Black "Tegda, Vojtěch"]
[Result "0-1"]
[TimeControl "90m + 30s"]
[WhiteElo "1559"]
[BlackElo "1731"]

1. e4 e5 2. Nf3 Nc6 3. Bb5 g6 4. c3 Bg7 5. d4 Nf6 6. dxe5 Nxe4 7. Qd5 f5 8. Nbd2 Ne7 9. Qb3 Nc5 10.
Qa3 Ne6 11. Nb3 O-O 12. Nbd4 Nc6 13. Nxe6 dxe6 14. Bxc6 bxc6 15. O-O Qd5 16. Re1 f4 17. Bd2 c5 18. Rad1 Qc6 19. b4 Bb7 20.
Qa5 cxb4 21. cxb4 Qb6 22. Qa3 Rf5 23. Qc3 Raf8 24. a4 Ba8 25. Rc1 Rc8 26. a5 Qb7 27. Qc5 Rg5 28. Qc6 Rxg2+ 29. Kxg2 Qxc6 30. Rxc6 Bxc6 31. Bxf4 Rf8 32. Kg3 Bxf3 33. Kxf3 g5 0-1

[Event "Mistrovství Čech mládeže 2023 - HD16"]
[Site "Harrachov, Czech Republic"]
[Date "2023.10.25"]
[Round "6.12"]
[White "Sadil, Antonín"]
[Black "Krupka, Aleš"]
[Result "1-0"]
[TimeControl "90m + 30s"]
[WhiteElo "1792"]
[BlackElo "1444"]

1. e4 e5 2. Bc4 Nf6 3. d3 Bc5 4. Nc3 Nc6 5. Bg5 h6 6. Bh4 g5 7. Bg3 d6 8. Nd5 Bd7 9. Qf3 Nxd5 10.
Bxd5 Qe7 11. c3 Bb6 12. h4 g4 13. Qe2 h5 14. O-O-O O-O-O 15. Qd2 Rdg8 16. Ne2 Rg6 17. Rhf1 f5 18.
exf5 Bxf5 19. Rde1 Qd7 20. f4 gxf3 21. Bxf3 Rg7 22. Bf2 Bxf2 23. Rxf2 Qe6 24. b3 Ne7 25. Nd4 Qg6 26. Nxf5 Nxf5 27.
Be4 Rf8 28. Ref1 Rgf7 29. Qg5 Qxg5+ 30. hxg5 Nh6 31. Rxf7 Rxf7 32. Rxf7 Nxf7 33. g6 Nh6 34. g7 Kd7 35. Bh7 b6 36.
g8=Q Nxg8 37. Bxg8 c5 38. Bd5 h4 39. Kd2 Ke7 40. Ke3 Kf6 41. Ke4 Kg5 42. Be6 Kf6 43. Bh3 1-0